 Dungeon Crawl Stone Soup version 0.21.0-3-g78d12a8bdd (webtiles) character file.

13953 Jannitor the Impaler (level 12, 0/97 HPs)
             Began as a Merfolk Air Elementalist on Jan 9, 2018.
             Slain by a 14-headed hydra (7 damage)
             ... on level 1 of the Lair of Beasts.
             The game lasted 00:21:24 (15925 turns).

Jannitor the Impaler (Merfolk Air Elementalist)    Turns: 15925, Time: 00:21:25

Health: 0/97       AC: 12    Str: 16    XL:     12   Next: 11%
Magic:  15/15      EV: 29    Int: 26    God:
Gold:   520        SH:  0    Dex: 24    Spells: 14/15 levels left

rFire    + + .     SeeInvis .   G - +2 halberd (venom) (curse)
rCold    . . .     Gourm    +   (shield currently unavailable)
rNeg     + + .     Faith    .   O - +2 robe {rF+}
rPois    +         Spirit   .   B - +0 helmet
rElec    +         Reflect  .   P - +2 cloak {rPois}
rCorr    .         Harm     .   y - +2 pair of gloves
MR       +....                  d - +0 pair of boots
Stlth    +++.......             L - amulet of Leaves {Gourm +Inv rElec MR+ Int+3}
HPRegen  0.26/turn              K - ring of Salvation {rN++ Int+4 Dex+2 Stlth-}
MPRegen  0.14/turn              J - ring of Birdsong {rPois rF+}

@: mighty, brilliant, agile, about to teleport, flying
A: change form in water, swift swim, stealthy swim
a: Evoke Invisibility


You were on level 1 of the Lair of Beasts.
You were hungry.

You visited 2 branches of the dungeon, and saw 12 of its levels.

You collected 820 gold pieces.
You spent 300 gold pieces at shops.

Inventory:

Hand Weapons
 j - a +2 halberd
 G - a cursed +2 halberd of venom (weapon)
Missiles
 v - 5 javelins of returning (quivered)
Armour
 d - a +0 pair of boots (worn)
 y - a +2 pair of gloves (worn)
 B - a +0 helmet (worn)
 O - a +2 robe of fire resistance (worn)
 P - a +2 cloak of poison resistance (worn)
Jewellery
 h - an uncursed ring of see invisible {unknown}
 z - an uncursed amulet of faith {unknown}
 J - the ring of Birdsong (right hand) {rPois rF+}
   (You found it on level 7 of the Dungeon)

   [ring of protection from fire]

   It protects you from fire.
   It protects you from poison.
 K - the ring of Salvation (left hand) {rN++ Int+4 Dex+2 Stlth-}
   (You found it on level 7 of the Dungeon)

   [ring of dexterity]

   It affects your intelligence (+4).
   It affects your dexterity (+2).
   It greatly protects you from negative energy.
   It makes you less stealthy.
 L - the amulet of Leaves (around neck) {Gourm +Inv rElec MR+ Int+3}
   (You found it on level 7 of the Dungeon)

   [amulet of the gourmand]

   It allows you to eat raw meat even when not hungry.
   It affects your intelligence (+3).
   It insulates you from electricity.
   It affects your resistance to hostile enchantments.
   It lets you turn invisible.
 Q - an uncursed amulet of the gourmand {unknown}
 T - an uncursed amulet of rage {unknown}
Wands
 m - a wand of scattershot (6)
 A - a wand of iceblast (15)
 C - a wand of flame (40)
 W - a wand of paralysis (8)
 X - a wand of acid (10)
Scrolls
 a - a scroll of magic mapping
 k - 8 scrolls of remove curse
 l - a scroll of blinking
 n - 8 scrolls of identify
 t - 3 scrolls of fog
 w - 2 scrolls of enchant armour
 F - a scroll of enchant weapon
 N - 2 scrolls of fear
 V - 2 scrolls of amnesia {unknown}
 Z - a scroll of teleportation
Potions
 e - 7 potions of curing
 g - a potion of berserk rage
 i - 2 potions of might
 p - a potion of brilliance
 q - a potion of heal wounds
 r - 4 potions of flight
 x - a potion of haste
 E - 3 potions of degeneration {unknown}
 H - 2 potions of magic {unknown}
 I - a potion of mutation {unknown}
 Y - a potion of invisibility {unknown}
Books
 b - a book of Air

   Spells                             Type                      Level
   a - Shock                          Conjuration/Air              1
   b - Swiftness                      Charms/Air                   2
   c - Static Discharge               Conjuration/Air              3
   d - Airstrike                      Air                          4
   e - Lightning Bolt                 Conjuration/Air              5
 D - a book of Cantrips

   Spells                             Type                      Level
   a - Confusing Touch                Hexes                        1
   b - Animate Skeleton               Necromancy                   1
   c - Summon Small Mammal            Summoning                    1
   d - Apportation                    Translocation                1
 S - a Young Poisoner's Handbook

   Spells                             Type                      Level
   a - Sting                          Conjuration/Poison           1
   b - Poisonous Vapours              Poison/Air                   2
   c - Mephitic Cloud                 Conjuration/Poison/Air       3
   d - Olgreb's Toxic Radiance        Poison                       4
   e - Venom Bolt                     Conjuration/Poison           5
 U - a book of Battle

   Spells                             Type                      Level
   a - Infusion                       Charms                       1
   b - Shroud of Golubria             Charms/Translocation         2
   c - Song of Slaying                Charms                       2
   d - Spectral Weapon                Hexes/Charms                 3
   e - Regeneration                   Charms/Necromancy            3
Miscellaneous
 R - a box of beasts
Comestibles
 c - 22 rations


   Skills:
 + Level 10.3 Fighting
 - Level 16.7 Polearms
 + Level 12.3 Dodging
 - Level 2.1 Stealth
 - Level 2.0 Spellcasting
 - Level 0.7 Conjurations
 - Level 3.0 Air Magic
 + Level 5.0 Evocations


You had 14 spell levels left.
You knew the following spells:

 Your Spells              Type           Power        Failure   Level  Hunger
a - Shock                 Conj/Air       ####         1%          1    None


Dungeon Overview and Level Annotations

Branches:
Dungeon (11/15)            Temple (0/1) D:4            Lair (1/6) D:10
    Orc (0/2) D:10

Altars:
Ashenzari
Cheibriados
Gozag
Hepliaklqana
Kikubaaqudgha
Makhleb
Nemelex Xobeh
Qazlal
Sif Muna
Uskayaw
Wu Jian
Xom
Yredelemnul
Zin

Shops:
D:9 }


Message History

Unknown command.
You lop one of the 13-headed hydra's heads off!
The 12-headed hydra grows two more!
You slice the 14-headed hydra!!
The 14-headed hydra is poisoned.
The 14-headed hydra is moderately wounded.
The blink frog barely misses you. The 14-headed hydra bites you!
The 14-headed hydra completely misses you.
The 14-headed hydra misses you. The 14-headed hydra barely misses you.
The 14-headed hydra completely misses you.
The 14-headed hydra misses you. The 14-headed hydra bites you.
* * * LOW HITPOINT WARNING * * *
The 14-headed hydra bites you!
* * * LOW HITPOINT WARNING * * *
The 14-headed hydra completely misses you.
The 14-headed hydra barely misses you.
The 14-headed hydra completely misses you.
The 14-headed hydra bites you.
* * * LOW HITPOINT WARNING * * *
The 14-headed hydra bites you!
You die...

#
.####
....
#..###
#....
#F§#
#@.#
#D.#
#F.#
#†.#
#..#
...#
...#
.....
.....


You could see a 14-headed hydra and 2 blink frogs.

Vanquished Creatures
  A hydra (D:11)
  Erica (D:8)
  2 two-headed ogres
  2 unseen horrors (D:11)
  Pikel (D:7)
  An elephant (D:10)
  Psyche (D:8)
  Maurice (D:8)
  2 gargoyles
  A troll (D:9)
  A hornet (D:11)
  Prince Ribbit (D:7)
  3 blink frogs (Lair:1)
  A slime creature (D:7)
  A hippogriff (D:10)
  9 yaks
  A basilisk (D:10)
  A vampire mosquito (D:7)
  2 steam dragons
  3 sky beasts
  4 orc warriors
  A necrophage (D:7)
  A slave (D:7)
  4 ice beasts
  3 ogres
  7 centaurs
  A crocodile (D:10)
  2 big kobolds
  6 bullfrogs
  A wyvern skeleton (D:9)
  5 scorpions
  3 killer bees (D:10)
  7 wights
  2 howler monkeys (D:10)
  4 crimson imps
  A centaur zombie (D:11)
  A bullfrog zombie (D:11)
  A quasit (D:5)
  7 hounds
  3 jellies
  An orc priest (D:5)
  A centaur skeleton (D:8)
  2 iguanas
  3 bullfrog skeletons
  9 orc wizards
  6 worker ants
  A hound zombie (D:5)
  A hound skeleton (D:6)
  3 worker ant zombies
  A howler monkey skeleton (D:6)
  7 gnolls
  22 adders
  6 shadow imps
  3 oozes
  An adder skeleton (D:4)
  2 worms
  4 dart slugs
  6 leopard geckos
  44 orcs
  A ball python (D:2)
  5 giant cockroaches
  10 hobgoblins
  5 jackals
  5 quokkas
  5 bats
  4 frilled lizards
  11 goblins
  13 kobolds
  12 rats
294 creatures vanquished.

Vanquished Creatures (others)
  A human (D:7)
1 creature vanquished.

Grand Total: 295 creatures vanquished

Notes
Turn   | Place    | Note
-------+----------+-------------------------------------------
     0 | D:1      | Jannitor the Merfolk Air Elementalist began the quest for the Orb.
     0 | D:1      | Reached XP level 1. HP: 13/13 MP: 3/3
   302 | D:1      | Reached XP level 2. HP: 14/20 MP: 0/5
   430 | D:1      | Reached skill level 1 in Fighting
   961 | D:1      | Reached XP level 3. HP: 18/26 MP: 1/6
  1677 | D:2      | Found a burning altar of Makhleb.
  1754 | D:2      | Reached XP level 4. HP: 28/33 MP: 3/7
  2116 | D:2      | Reached skill level 1 in Polearms
  2761 | D:2      | Reached skill level 2 in Polearms
  2841 | D:2      | Reached XP level 5. HP: 39/39 MP: 8/8
  3667 | D:3      | Reached skill level 3 in Polearms
  4239 | D:3      | Reached skill level 4 in Polearms
  4239 | D:3      | Reached XP level 6. HP: 47/47 MP: 9/9
  4796 | D:4      | Reached skill level 5 in Dodging
  5130 | D:4      | Reached skill level 5 in Polearms
  5242 | D:4      | Found a staircase to the Ecumenical Temple.
  5336 | D:4      | Reached XP level 7. HP: 40/53 MP: 10/10
  5473 | D:4      | Reached skill level 6 in Polearms
  5485 | D:4      | Noticed a hand axe
  5486 | D:4      | Noticed a hand axe
  5486 | D:4      | Found a hide-covered altar of Uskayaw.
  5760 | D:5      | Entered Level 5 of the Dungeon
  6161 | D:5      | Reached skill level 7 in Polearms
  6517 | D:5      | Reached XP level 8. HP: 42/61 MP: 11/11
  6733 | D:5      | Reached skill level 8 in Polearms
  6763 | D:5      | Found a shimmering altar of Xom.
  7228 | D:6      | Reached skill level 5 in Fighting
  7265 | D:6      | Found an ancient bone altar of Kikubaaqudgha.
  7477 | D:6      | Reached skill level 9 in Polearms
  8880 | D:6      | Found a deep blue altar of Sif Muna.
  9087 | D:6      | Reached skill level 10 in Polearms
  9331 | D:6      | Reached XP level 9. HP: 62/69 MP: 12/12
  9585 | D:7      | Reached skill level 11 in Polearms
  9614 | D:7      | Noticed Pikel
  9634 | D:7      | Killed Pikel
  9881 | D:7      | Noticed a gargoyle
  9889 | D:7      | Reached skill level 12 in Polearms
  9927 | D:7      | Killed a gargoyle
  9991 | D:7      | Reached XP level 10. HP: 30/79 MP: 13/13
 10221 | D:7      | Reached skill level 13 in Polearms
 10230 | D:7      | Got a faintly glowing bronze ring
 10233 | D:7      | Got a bound bone ring
 10242 | D:7      | Got a pitted pewter amulet
 10245 | D:7      | Got a warped golden amulet
 10382 | D:7      | Found an ancient bone altar of Kikubaaqudgha.
 10435 | D:7      | Noticed Prince Ribbit
 10443 | D:7      | Killed Prince Ribbit
 10566 | D:7      | Found a basalt altar of Yredelemnul.
 10676 | D:7      | Found a glowing silver altar of Zin.
 10681 | D:7      | Found a hazy altar of Hepliaklqana.
 10692 | D:7      | Found a stormy altar of Qazlal.
 10705 | D:7      | Found a snail-covered altar of Cheibriados.
 10707 | D:7      | Found an ornate altar of the Wu Jian Council.
 10838 | D:8      | Noticed Psyche
 10856 | D:8      | Killed Psyche
 10856 | D:8      | Reached skill level 10 in Dodging
 11251 | D:8      | Found an opulent altar of Gozag.
 11252 | D:8      | Found a sparkling altar of Nemelex Xobeh.
 11337 | D:8      | Noticed Maurice
 11383 | D:8      | Killed Maurice
 11383 | D:8      | Reached skill level 14 in Polearms
 11595 | D:8      | Noticed Erica
 11931 | D:8      | Killed Erica
 12272 | D:8      | Found a shattered altar of Ashenzari.
 12431 | D:8      | Identified the ring of Birdsong {rPois rF+} (You found it on level 7 of the Dungeon)
 12433 | D:8      | Identified the ring of Salvation {rN++ Int+4 Dex+2 Stlth-} (You found it on level 7 of the Dungeon)
 12434 | D:8      | Identified the amulet of Leaves {Gourm +Inv rElec MR+ Int+3} (You found it on level 7 of the Dungeon)
 12436 | D:8      | Identified the amulet of Ascent {Gourm rC- rN+ Int+2 Dex+4} (You found it on level 7 of the Dungeon)
 12597 | D:9      | Found Tallet Zuruq's Gadget Boutique.
 12607 | D:9      | Bought a box of beasts for 300 gold pieces
 12730 | D:9      | Reached skill level 1 in Evocations
 12843 | D:9      | Noticed a two-headed ogre
 12857 | D:9      | Killed a two-headed ogre
 12857 | D:9      | Reached skill level 15 in Polearms
 12857 | D:9      | Reached XP level 11. HP: 76/89 MP: 14/14
 13194 | D:10     | Entered Level 10 of the Dungeon
 13631 | D:10     | Found a staircase to the Lair.
 13701 | D:10     | Noticed a two-headed ogre
 13711 | D:10     | Killed a two-headed ogre
 13956 | D:10     | Found a staircase to the Orcish Mines.
 14645 | D:11     | Reached skill level 16 in Polearms
 14745 | D:11     | Killed an unseen horror
 14993 | D:11     | Noticed a five-headed hydra
 15001 | D:11     | Killed an 11-headed hydra
 15167 | D:11     | Reached skill level 10 in Fighting
 15264 | D:11     | Killed an unseen horror
 15264 | D:11     | Reached XP level 12. HP: 70/97 MP: 15/15
 15803 | Lair:1   | Entered Level 1 of the Lair of Beasts
 15827 | Lair:1   | Noticed a seven-headed hydra
 15828 | Lair:1   | Reached skill level 5 in Evocations
 15925 | Lair:1   | Slain by a 14-headed hydra

Skill      XL: |  1  2  3  4  5  6  7  8  9 10 11 12 |
---------------+-------------------------------------+-----
Dodging        | 3 4 5 6 7 9 11 12 | 12.3
Fighting       | 1 2 3 4 6 7 9 10 | 10.3
Air Magic      | 3 |  3.0
Polearms       | 2 4 5 7 10 12 15 16 | 16.7
Evocations     | 2 4 5 |  5.0
Stealth        | |  2.1
Spellcasting   | |  2.0
Conjurations   | |  0.7

Action                   |  1- 3 |  4- 6 |  7- 9 | 10-12 || total
-------------------------+-------+-------+-------+-------++-------
Melee: Unarmed           |    14 |       |       |       ||    14
       Dagger            |     3 |     4 |       |       ||     7
       Halberd           |       |   257 |   385 |   438 ||  1080
Throw: Javelin           |       |       |     6 |       ||     6
 Cast: Shock             |    63 |    28 |       |       ||    91
Evoke: Wand              |       |       |     1 |     1 ||     2
  Use: Potion            |       |     3 |     4 |     4 ||    11
       Scroll            |       |       |    13 |     1 ||    14
 Stab: Sleeping          |     2 |     6 |     7 |     8 ||    23
       Paralysed         |       |       |       |     6 ||     6
  Eat: Chunk             |     4 |    12 |     8 |    16 ||    40
       Ration            |       |       |     2 |     1 ||     3
Armor: Robe              |     4 |    50 |    57 |    83 ||   194
Dodge: Dodged            |    21 |   252 |   232 |   340 ||   845
